 Dungeon Crawl Stone Soup version 0.23.0 (webtiles) character file.

Game seed: 15051973666808980322

73 TheOrbIsALie the Fighter (level 4, -10/45 HPs)
             Began as a Gnoll Wanderer on Feb 18, 2019.
             Killed by nerve-wracking pain
             ... invoked by an orc priest
              (12 damage)
             ... on level 3 of the Dungeon.
             The game lasted 00:03:12 (2133 turns).

TheOrbIsALie the Fighter (Gnoll Wanderer)           Turns: 2133, Time: 00:03:12

Health: -10/45     AC:  3    Str: 16    XL:     4   Next: 27%
Magic:  5/5        EV: 13    Int: 13    God:
Gold:   38         SH:  0    Dex: 15    Spells: 5/5 levels left

rFire    . . .     SeeInvis .   a - +2 short sword
rCold    . . .     Gourm    .   (no shield)
rNeg     . . .     Faith    .   h - +0 leather armour
rPois    .         Spirit   .   (no helmet)
rElec    .         Reflect  .   (no cloak)
rCorr    .         Harm     .   (no gloves)
MR       .....                  (no boots)
Stlth    ++........             m - amulet of inaccuracy (curse)
HPRegen  0.15/turn              (no ring)
MPRegen  0.09/turn              (no ring)

@: no status effects
A: distributed training, fangs 1, strong nose
a: no special abilities


You were on level 3 of the Dungeon.
You were not hungry.

You visited 1 branch of the dungeon, and saw 3 of its levels.

You collected 38 gold pieces.

Inventory:

Hand Weapons
 a - a +2 short sword (weapon)
 d - a +0 blowgun
 f - a +0 dagger
Missiles
 c - 7 poisoned needles
Armour
 e - a +0 robe
 h - a +0 leather armour (worn)
 j - a +0 scale mail
Jewellery
 m - a cursed amulet of inaccuracy (around neck)
Scrolls
 b - 4 scrolls of teleportation
 i - a scroll of amnesia
 n - a scroll of blinking {unknown}
 o - a scroll of enchant weapon {unknown}
 p - 2 scrolls of remove curse {unknown}
 q - a scroll of identify {unknown}
 r - 2 scrolls of immolation {unknown}
Potions
 k - a potion of haste {unknown}
 l - 5 potions of curing {unknown}
 s - a potion of heal wounds {unknown}
 t - a potion of degeneration {unknown}
Comestibles
 g - 4 rations
 u - a chunk of flesh


   Skills:
 + Level 8.5 Fighting
 + Level 4.6 Short Blades
 + Level 1.0 Long Blades
 + Level 1.0 Axes
 + Level 1.0 Maces & Flails
 + Level 1.0 Polearms
 + Level 1.0 Staves
 + Level 1.0 Slings
 + Level 1.0 Bows
 + Level 1.0 Crossbows
 + Level 2.7 Throwing
 + Level 1.0 Armour
 + Level 2.7 Dodging
 + Level 4.2 Stealth
 + Level 1.0 Shields
 + Level 1.0 Unarmed Combat
 + Level 1.0 Spellcasting
 + Level 0.8 Conjurations
 + Level 0.8 Hexes
 + Level 0.8 Charms
 + Level 0.8 Summonings
 + Level 0.8 Necromancy
 + Level 0.8 Translocations
 + Level 0.8 Transmutations
 + Level 0.8 Fire Magic
 + Level 0.8 Ice Magic
 + Level 0.8 Air Magic
 + Level 0.8 Earth Magic
 + Level 0.8 Poison Magic
 + Level 1.1 Invocations
 + Level 1.0 Evocations


You had 5 spell levels left.
You didn't know any spells.
Your spell library was empty.

Dungeon Overview and Level Annotations

Branches:
Dungeon (3/15)

Altars:


Innate Abilities, Weirdness & Mutations

Your experience applies equally to all skills.
You have very sharp teeth.
Your uncanny sense of smell can sniff out nearby items.


Message History

You closely miss the orc priest. The orc priest closely misses you.
You hit the orc priest.
The orc priest is moderately wounded.
The orc priest hits you.
* * * LOW HITPOINT WARNING * * *
You hit the orc priest.
The orc priest is heavily wounded.
The orc priest hits you.
* * * LOW HITPOINT WARNING * * *
You closely miss the orc priest.
The orc priest is heavily wounded.
You hit the orc priest but do no damage.
The orc priest is heavily wounded.
The orc priest hits you.
* * * LOW HITPOINT WARNING * * *
You hit the orc priest but do no damage.
The orc priest is heavily wounded.
The orc priest mumbles some strange prayers to Beogh against you.
Pain shoots through your body!
You die...

#..............≈≈.≈ .
#................♣. ...
#.......).....≈≈≈.≈
....##.......#...>..≈≈≈.
.............#....≈....♣
....##.............≈..♣.
..........?.......≈≈≈♣..
.......#............≈≈≈≈
.......@...............
......o...............
<......!.....##....
.........###.# ....
......!.## ..# ..
........# .... .....#...
.. ........#


You could see an orc priest.

Vanquished Creatures
  2 adders (D:2)
  A worm (D:2)
  3 dart slugs
  A leopard gecko (D:2)
  2 orcs (D:2)
  A ball python (D:1)
  4 goblins
  5 hobgoblins
  5 kobolds
  8 bats
  2 frilled lizards
  8 rats
42 creatures vanquished.

Vanquished Creatures (others)
  4 toadstools (D:1)
4 creatures vanquished.

Grand Total: 46 creatures vanquished

Notes
Turn   | Place    | Note
-------+----------+-------------------------------------------
     0 | D:1      | TheOrbIsALie the Gnoll Wanderer began the quest for the
                  | Orb.
     0 | D:1      | TheOrbIsALie set off with the following items: a +2 short
                  | sword, a scroll of teleportation, 7 poisoned needles, a +0
                  | blowgun, a +0 robe, a +0 dagger, a ration
     0 | D:1      | Reached XP level 1. HP: 26/26 MP: 1/1
   212 | D:1      | Reached XP level 2. HP: 33/33 MP: 2/2
   287 | D:1      | You fall through a shaft!
   544 | D:1      | Reached XP level 3. HP: 33/38 MP: 3/3
   917 | D:1      | Reached skill level 1 in Invocations
  1047 | D:2      | Reached skill level 1 in Long Blades
  1047 | D:2      | Reached skill level 1 in Axes
  1047 | D:2      | Reached skill level 1 in Maces & Flails
  1047 | D:2      | Reached skill level 1 in Polearms
  1047 | D:2      | Reached skill level 1 in Staves
  1047 | D:2      | Reached skill level 1 in Slings
  1047 | D:2      | Reached skill level 1 in Bows
  1047 | D:2      | Reached skill level 1 in Crossbows
  1047 | D:2      | Reached skill level 1 in Armour
  1047 | D:2      | Reached skill level 1 in Shields
  1047 | D:2      | Reached skill level 1 in Unarmed Combat
  1047 | D:2      | Reached skill level 1 in Spellcasting
  1047 | D:2      | Reached skill level 1 in Evocations
  1422 | D:2      | Reached XP level 4. HP: 44/45 MP: 5/5
  2132 | D:3      | HP: 2/45 [orc priest (3)]
  2133 | D:3      | Killed from afar by an orc priest

Skill      XL: |  1  2  3 |
---------------+----------+-----
Invocations    | 1 |  1.1
Long Blades    | 1 |  1.0
Axes           | 1 |  1.0
Maces & Flails | 1 |  1.0
Polearms       | 1 |  1.0
Staves         | 1 |  1.0
Slings         | 1 |  1.0
Bows           | 1 |  1.0
Crossbows      | 1 |  1.0
Armour         | 1 |  1.0
Shields        | 1 |  1.0
Unarmed Combat | 1 |  1.0
Spellcasting   | 1 |  1.0
Evocations     | 1 |  1.0
Fighting       | |  8.5
Short Blades   | |  4.6
Throwing       | |  2.7
Dodging        | |  2.7
Stealth        | |  4.2
Conjurations   | |  0.8
Hexes          | |  0.8
Charms         | |  0.8
Summonings     | |  0.8
Necromancy     | |  0.8
Translocations | |  0.8
Transmutations | |  0.8
Fire Magic     | |  0.8
Ice Magic      | |  0.8
Air Magic      | |  0.8
Earth Magic    | |  0.8
Poison Magic   | |  0.8

Action                   |  1- 3 |  4- 6 || total
-------------------------+-------+-------++-------
Melee: Short sword       |   133 |    38 ||   171
       Bite              |    14 |     1 ||    15
  Use: Scroll            |     1 |       ||     1
 Stab: Sleeping          |     6 |       ||     6
  Eat: Chunk             |     1 |     3 ||     4
Armor: Robe              |     3 |       ||     3
       Leather armour    |    23 |     2 ||    25
Dodge: Dodged            |    78 |    28 ||   106
